Map: Romanticide LE

Players

HOOPSAIYA

  • Race: Protoss Protoss
  • League: Grandmaster
  • Spawn Location: 11:00

BolinhoFofo - Winner!

  • Race: Protoss Protoss
  • League: Master
  • Spawn Location: 5:00

VOD

Have the link to the VOD?

Description

Time

  • Played on: March 10, 2021, 12:10 a.m.
  • Length: 10:12
Show
View Real Time Build Order
Export as new Build Order

HOOPSAIYA Protoss 

Build Orders:  

Get SALT Encoding   

  12  0:00  Probe  
  13  0:12  Probe  
  14  0:18  Pylon  
  14  0:25  Probe  
  15  0:36  Gateway  
  15  0:38  Probe (Chrono Boost)  
  16  0:44  Assimilator  
  16  0:47  Probe (Chrono Boost)  
  17  0:52  Probe (Chrono Boost)  
  17  0:56  Assimilator  
  18  1:05  Probe (Chrono Boost)  
  18  1:09  Gateway  
  19  1:17  Probe (Chrono Boost)  
  20  1:24  Cybernetics Core  
  20  1:27  Probe  
  21  1:35  Pylon  
  21  1:41  Probe  
  22  1:54  Probe  
  23  2:02  Stalker x2, Warp Gate  
  23  2:07  Probe  
  28  2:16  Pylon  
  28  2:25  Robotics Facility  
  27  2:56  Nexus  
  27  2:58  Sentry  
  29  3:10  Immortal (Chrono Boost)  
  29  3:16  Shield Battery  
  33  3:25  Gateway  
  33  3:42  Warp Prism  
  35  3:50  Pylon  
  35  3:54  Sentry  
  35  3:55  Sentry  
  38  4:04  Probe  
  38  4:09  Probe  
  40  4:16  Probe  
  41  4:19  Observer, Adept  
  41  4:20  Adept  
  46  4:27  Probe  
  47  4:39  Probe  
  47  4:40  Probe  
  47  4:42  Adept x2  
  47  4:45  Sentry  
  51  5:00  Stalker  
  51  5:02  Stalker x2  
  57  5:13  Probe (Chrono Boost)  
  56  5:15  Probe (Chrono Boost)  
  56  5:16  Robotics Bay  
  53  5:24  Adept  
  53  5:26  Adept x2  
  55  5:40  Immortal  
  55  5:41  Probe (Chrono Boost)  
  60  5:47  Probe (Chrono Boost)  
  61  5:50  Pylon  
  61  5:52  Probe (Chrono Boost)  
  62  6:08  Probe  
  63  6:17  Probe (Chrono Boost)  
  60  6:19  Disruptor (Chrono Boost)  
  60  6:20  Probe (Chrono Boost), Twilight Council  
  60  6:21  Forge  
  60  6:25  Assimilator  
  64  6:29  Probe (Chrono Boost)  
  64  6:31  Shield Battery, Probe (Chrono Boost)  
  66  6:34  Probe (Chrono Boost)  
  66  6:35  Probe (Chrono Boost)  
  68  6:44  Probe  
  68  6:46  Probe  
  70  6:54  Pylon  
  68  7:05  Adept  
  70  7:10  Disruptor (Chrono Boost)  
  46  7:27  Stalker x2  
  46  7:28  Stalker  
  51  7:31  Probe  
  53  7:39  Disruptor (Chrono Boost)  
  55  7:55  Adept x3  
  49  8:22  Stalker x3  
  53  8:43  Probe  
  53  8:46  Nexus  
  54  8:55  Stalker x3  
  58  9:10  Disruptor (Chrono Boost)  
  61  9:27  Adept  
  60  9:34  Pylon  
  49  10:00  Adept x3  
Show
View Real Time Build Order
Export as new Build Order

BolinhoFofo Protoss - Winner!

Build Orders:  

Get SALT Encoding   

  12  0:00  Probe  
  13  0:12  Probe  
  14  0:19  Pylon  
  14  0:25  Probe  
  15  0:38  Probe (Chrono Boost), Gateway  
  16  0:46  Probe (Chrono Boost)  
  16  0:47  Assimilator  
  17  0:52  Probe  
  17  0:56  Assimilator  
  18  1:04  Probe (Chrono Boost)  
  18  1:09  Gateway  
  19  1:14  Probe (Chrono Boost)  
  20  1:19  Probe (Chrono Boost)  
  21  1:25  Cybernetics Core  
  21  1:31  Probe  
  22  1:40  Pylon  
  22  1:43  Probe  
  23  1:58  Probe  
  24  2:02  Stalker x2, Warp Gate  
  28  2:10  Probe  
  28  2:11  Pylon  
  29  2:23  Probe  
  30  2:32  Robotics Facility  
  30  2:51  Nexus  
  30  2:59  Sentry x2  
  30  3:02  Shield Battery  
  34  3:10  Shield Battery  
  34  3:21  Immortal (Chrono Boost)  
  38  3:30  Pylon  
  38  3:41  Gateway  
  38  3:55  Warp Prism (Chrono Boost)  
  40  4:03  Sentry x2  
  40  4:06  Probe  
  40  4:08  Probe  
  46  4:21  Probe x2 (Chrono Boost)  
  50  4:32  Probe (Chrono Boost)  
  50  4:35  Probe (Chrono Boost)  
  48  4:39  Stalker x3  
  48  4:44  Pylon  
  54  4:49  Probe x2  
  56  4:55  Pylon  
  56  5:03  Stalker x2  
  56  5:04  Sentry  
  62  5:08  Pylon  
  58  5:28  Stalker x2  
  58  5:29  Stalker  
  58  5:33  Gateway  
  64  5:42  Assimilator  
  64  5:57  Pylon  
  64  6:03  Stalker x2  
  64  6:04  Stalker  
  69  6:10  Probe (Chrono Boost)  
  67  6:15  Probe (Chrono Boost)  
  67  6:19  Probe (Chrono Boost)  
  67  6:23  Probe (Chrono Boost)  
  67  6:24  Pylon  
  68  6:26  Pylon  
  68  6:29  Adept  
  68  6:30  Adept x3  
  76  6:34  Pylon  
  74  6:51  Zealot x2  
  78  7:11  Zealot, Stalker x2  
  72  7:24  Stalker  
  70  7:30  Probe (Chrono Boost)  
  70  7:35  Probe (Chrono Boost)  
  70  7:36  Stalker  
  70  7:37  Zealot, Stalker  
  74  7:40  Probe (Chrono Boost)  
  78  7:44  Probe (Chrono Boost)  
  78  7:48  Pylon  
  78  7:50  Probe (Chrono Boost)  
  78  7:51  Probe (Chrono Boost)  
  80  7:56  Probe  
  80  7:57  Probe  
  74  8:06  Stalker x3  
  74  8:11  Probe (Chrono Boost)  
  80  8:16  Assimilator  
  80  8:17  Probe (Chrono Boost)  
  68  8:21  Probe (Chrono Boost), Immortal (Chrono Boost)  
  68  8:23  Gateway  
  68  8:25  Shield Battery, Probe (Chrono Boost)  
  74  8:27  Shield Battery  
  74  8:38  Stalker x3  
  80  8:47  Gateway  
  76  9:00  Stalker  
  76  9:01  Stalker x3  
  78  9:11  Immortal (Chrono Boost)  
  78  9:24  Stalker x2  
  78  9:25  Zealot x3  
  84  9:43  Stalker  
  86  9:46  Stalker x2  
  78  10:00  Twilight Council  
Tags
 
Add a new tag
Caveats
  • Supply blocks, unpowered buildings, or Contaminate may cause inaccurate times.
  • Supply counts are checked every 10 seconds.